Cogmind - Beta 13 @@@ ROGUE MODE // 2024.04.01 @ 16:51:34 Player: Oldman Pu Result: Destroyed by L-31 Rogue with Katana Performance ------------- Evolutions (1) 500 Regions Visited (2) 400 Robots Destroyed (79) 395 Value Destroyed (1945) 1945 Prototype IDs (5) 100 Alien Tech Used (0) 0 Bonus (215) 215 TOTAL SCORE: 3555 Bonus ------- High Alert Combat Kills 215 Cogmind --------- Core Integrity 0/400 Matter 300/300 Energy 244/265 System Corruption 2% Temperature Cool (81) Movement Rolling (120) Ox2 Location -9/Materials Parts ------- > --- POWER (1) -------- Improved Ion Engine > --- PROPULSION (2) --- Armored Wheel > --- UTILITY (4) ------ Large Storage Unit Targeting Computer > --- WEAPON (2) ------- Improved Medium Laser Advanced Beam Cannon > --- INVENTORY (15) --- Improved Ion Engine Improved Ion Engine Wheel Wheel Armored Wheel Armored Wheel High-capacity Battery (250) High-capacity Matter Pod (200) Beam Rifle Improved Medium Laser Improved Assault Rifle Improved Assault Rifle Peak State ------------ > --- POWER ------------ Heavy Ion Engine > --- PROPULSION ------- Wheel Wheel > --- UTILITY ---------- Improved Heat Sink Large Storage Unit Light Armor Plating Hardened Light Armor Plating > --- WEAPON ----------- Improved Medium Laser Improved Medium Laser > --- INVENTORY -------- Ion Engine Improved Ion Engine Improved Ion Engine Wheel Wheel Wheel Wheel Heat Sink Large Matter Pod Beam Rifle Improved Medium Laser Improved Medium Laser Advanced Beam Cannon Heavy Assault Rifle Heavy Assault Rifle [Rating: 20] Favorites ----------- Power Ion Engine Engine Ion Engine Propulsion Wheel Wheel Wheel Utility Large Storage Unit Device Improved Heat Sink Storage Large Storage Unit Processor Targeting Computer Protection Light Armor Plating Weapon Improved Medium Laser Energy Gun Improved Medium Laser Energy Cannon Advanced Beam Cannon Ballistic Gun Assault Rifle Ballistic Cannon Light Cannon Build | -11 -10 -9 ------- Run | Yrd Mat Mat Slots Evolved 2 | . . 2 Power . | . . . Propulsion . | . . . Utility 2 | . . 2 Weapon . | . . . Parts Attached 61 | 6 10 45 Power 6 | 1 2 3 Engine 6 | 1 2 3 Core . | . . . Reactor . | . . . Propulsion 15 | 2 2 11 Treads . | . . . Leg . | . . . Wheel 15 | 2 2 11 Hover . | . . . Flight . | . . . Utility 16 | 1 3 12 Device 3 | . 1 2 Storage 4 | 1 2 1 Processor 1 | . . 1 Hackware . | . . . Protection 8 | . . 8 Artifact . | . . . Weapon 24 | 2 3 19 Energy Gun 9 | 1 1 7 Energy Cannon 2 | . . 2 Ballistic Gun 12 | 1 2 9 Ballistic Cannon 1 | . . 1 Launcher . | . . . Special Weapon . | . . . Impact Weapon . | . . . Slashing Weapon . | . . . Piercing Weapon . | . . . Special Melee Weapon . | . . . Unidentified Prototypes 5 | . . 5 Parts Lost 17 | . 4 13 Power 2 | . 1 1 Propulsion 6 | . 2 4 Utility 4 | . . 4 Weapon 5 | . 1 4 Highest Loss Streak 3 | . 2 3 To Critical Strikes . | . . . Average Slot Usage (%) 97 | . 97 97 Engine 12 | . 13 11 Wheel 23 | . 27 21 Device 11 | . 11 10 Storage 14 | . 14 14 Protection 9 | . . 16 Energy Gun 13 | . 13 12 Ballistic Gun 11 | . 14 8 Naked Turns . | . . . Heaviest Build 43 | 13 31 43 Greatest Support 32 | 26 26 32 Greatest Overweight (x) 4 | 2 1 4 Average Overweight (x) 1 | . . 1 Largest Inventory Capacity 15 | 8 15 15 Average Capacity 14 | 6 13 15 Most Carried 15 | 1 14 15 Average Carried 11 | . 8 13 Final Capacity 15 | 8 15 15 Final Carried 14 | 1 14 12 Class Distribution -------------------- 57% | Mutant 42% | Scavenger-Mutant Dominant Class ---------------- Mutant | -10/Materials Mutant | -9/Materials Resources | -11 -10 -9 ----------- Run | Yrd Mat Mat Matter Collected 1682 | 240 397 1045 Remotely . | . . . Salvage Created 3047 | . 789 2258 Parts 203 | . 57 146 Haulers Intercepted 8 | . 2 6 Recyclers Shooed 1 | . . 1 Parts Field Recycled . | . . . Retrieved Matter . | . . . Parts Self-Destructed . | . . . Prevented . | . . . Kills | -11 -10 -9 ------- Run | Yrd Mat Mat Combat Hostiles Destroyed 52 | . 10 42 Guns 52 | . 10 42 Classes Destroyed 10 | . 6 4 Worker 6 | . 2 4 Tunneler 2 | . 1 1 Hauler 8 | . 2 6 Recycler 3 | . 2 1 Mechanic 1 | . . 1 Watcher 8 | . 3 5 Swarmer 8 | . . 8 Grunt 33 | . 10 23 Duelist 1 | . . 1 Sentry 10 | . . 10 Best Kill Streak 4 | . 4 3 Combat Bots Only 3 | . 2 3 Max Kills in Single Turn 2 | . 2 2 Gunslinging . | . . . Exploded . | . . . Melee . | . . . Uniques/NPCs Destroyed . | . . . Combat | -11 -10 -9 -------- Run | Yrd Mat Mat Hostile Shots Fired 267 | . 46 221 Missed 72 | . 14 58 Damage Taken 2803 | . 549 2254 Core 628 | . 210 418 Absorbed by Shields . | . . . Redirected to Shielding 26 | . . 26 Regen/Repaired (Parts) 113 | . . 113 Core Remaining (%) 58 | 100 16 . Volleys Fired 220 | . 67 153 Largest 2 | . 2 2 Hottest 124 | . 85 124 Shots Fired 430 | . 132 298 Gun 413 | . 132 281 Cannon 17 | . . 17 Launcher . | . . . Special . | . . . Kinetic 217 | . 67 150 Thermal 213 | . 65 148 Explosive . | . . . Electromagnetic . | . . . Robot Hit Streak 16 | . 12 16 Robot Miss Streak 7 | . 7 5 Penetration Max . | . . . Secondary Targets 3 | . 1 2 Max Gunslinging Chain 1 | . 1 1 Shots Hit Robots 279 | . 86 193 Core Hits 118 | . 34 84 Critical Kills 1 | . 1 . Critical Parts Destroyed 2 | . 1 1 Critical Strikes 6 | . 2 4 Burn 3 | . . 3 Destroy 3 | . 2 1 Melee Attacks . | . . . Impact . | . . . Slashing . | . . . Piercing . | . . . Sneak Attacks . | . . . Combat Hostiles . | . . . Follow-up Attacks . | . . . Damage Inflicted 4069 | . 1114 2955 Guns 3818 | . 1114 2704 Cannons 222 | . . 222 Explosions . | . . . Melee . | . . . Ramming 29 | . . 29 Kinetic 1924 | . 523 1401 Thermal 2116 | . 591 1525 Explosive . | . . . Electromagnetic . | . . . Impact . | . . . Slashing . | . . . Piercing . | . . . Highest Corruption 2 | . . 2 Average Corruption 1 | . . 1 Corruption Purged . | . . . Corruption Blocked . | . . . Effects 11 | . . 11 Message Errors 3 | . . 3 Matter Fused 3 | . . 3 Heat Flow Errors 1 | . . 1 Parts Rejected 1 | . . 1 Data Loss (minor) 1 | . . 1 Weapon Failures 2 | . . 2 Overload Shots . | . . . Overflow Damage 11 | . . 11 Projectiles 11 | . . 11 Explosions . | . . . Melee . | . . . Knockbacks 2 | . . 2 Impact 1 | . . 1 Kinetic 1 | . . 1 Secondary . | . . . Self-Inflicted Damage 14 | . . 14 Shots . | . . . Rammed 1 | . . 1 Targets Rammed 1 | . . 1 Kicked . | . . . Crushed . | . . . Highest Temperature 270 | . 191 270 Average Temperature 62 | . 75 58 Received Heat Transfer 1065 | . 255 810 Siege Activations . | . . . Robots Corrupted . | . . . Combat Hostiles . | . . . Parts Fried . | . . . Impact Corruptions . | . . . Robots Melted . | . . . Combat Hostiles . | . . . Parts Melted 10 | . 3 7 Heat Transferred 4995 | . 1517 3478 Parts Sabotaged . | . . . Parts Stolen . | . . . Parts Stripped . | . . . Power Chain Reactions . | . . . Alert | -11 -10 -9 ------- Run | Yrd Mat Mat Peak Influence 780 | . 147 780 Initial . | . . . Average 235 | . 51 376 Maximum Alert Level 3 | . . 3 Low Security (%) 54 | 100 100 19 Level 1 23 | . . 41 Level 2 16 | . . 29 Level 3 5 | . . 9 Level 4 . | . . . Level 5 . | . . . High Security . | . . . Max Security . | . . . Squads Dispatched 11 | . 4 7 Investigation 6 | . 2 4 Extermination . | . . . Reinforcement 4 | . 2 2 Assault 1 | . . 1 Garrison . | . . . Intercept . | . . . Searches Triggered . | . . . Construction Impeded . | . . . Haulers Reinforced . | . . . Active Scanning Responses . | . . . Cargo Convoy Interrupts . | . . . Stealth | -11 -10 -9 --------- Run | Yrd Mat Mat Distress Signals 4 | . 1 3 Communications Jammed . | . . . Distress Signals . | . . . Times Spotted 80 | . 18 62 Peak Tracking Total 5 | . 3 5 Tactical Retreats 5 | . . 5 Traps | -11 -10 -9 ------- Run | Yrd Mat Mat Traps Triggered 9 | . 2 7 Indirectly . | . . . Trap Hack Attempts . | . . . Triggered . | . . . Disarmed . | . . . Reprogrammed . | . . . Reused . | . . . Traps Extracted . | . . . Installed . | . . . Triggered . | . . . Machines | -11 -10 -9 ---------- Run | Yrd Mat Mat Machines Disabled 2 | . . 2 Max in Single Turn 1 | . . 1 Machines Repaired . | . . . Machines Dismantled . | . . . Machines Sabotaged . | . . . Overloaded Fab Kills . | . . . Hacking | -11 -10 -9 --------- Run | Yrd Mat Mat Machines Accessed 13 | . 5 8 Terminals 9 | . 5 4 Fabricators . | . . . Repair Stations 1 | . . 1 Recycling Units 1 | . . 1 Scanalyzers 2 | . . 2 Garrison Access . | . . . Total Hacks 48 | . 13 35 Successful 36 | . 7 29 Failed 12 | . 6 6 Catastrophic . | . . . Database Lockouts . | . . . Manual . | . . . Terminals 25 | . 13 12 Fabricators . | . . . Repair Stations 8 | . . 8 Recycling Units 1 | . . 1 Scanalyzers 14 | . . 14 Garrison Access . | . . . Terminal Hacks 16 | . 7 9 Record 3 | . 1 2 Robot Analysis 2 | . 1 1 Branch Access Points 2 | . 1 1 Emergency Access Points 1 | . . 1 Alert Level 2 | . . 2 Locate Traps 2 | . 2 . Dispatch Records 1 | . 1 . Hauler Manifests 2 | . 1 1 Zone Layout 1 | . . 1 Fabricator Hacks . | . . . Repair Station Hacks 6 | . . 6 Scan Component 3 | . . 3 Repair 3 | . . 3 Recycling Unit Hacks 1 | . . 1 Report Inventory 1 | . . 1 Scanalyzer 13 | . . 13 Insert Component 7 | . . 7 Analyze 6 | . . 6 Garrison Access Hacks . | . . . Unauthorized Hacks . | . . . Terminals . | . . . Fabricators . | . . . Repair Stations . | . . . Recycling Units . | . . . Scanalyzers . | . . . Garrison Access . | . . . Data Cores Recovered . | . . . Used . | . . . Hacking Detections 8 | . 3 5 Full Trace Events 3 | . 1 2 Feedback Events . | . . . Feedback Blocked . | . . . Robot Schematics Acquired . | . . . Robots Built . | . . . Authchips . | . . . Time . | . . . Total Robot Build Rating . | . . . Part Schematics Acquired 6 | . . 6 Parts Built . | . . . Authchips . | . . . Time . | . . . Total Part Build Rating . | . . . Parts Repaired 3 | . . 3 Time 90 | . . 90 Parts Recycled . | . . . Recycled Matter . | . . . Retrieved Matter . | . . . Retrieved Components . | . . . Parts Scanalyzed 6 | . . 6 Part Schematics Acquired 6 | . . 6 Parts Damaged 1 | . . 1 Bothacking | -11 -10 -9 ------------ Run | Yrd Mat Mat Used RIF Installer . | . . . Robots Hacked . | . . . Non-combat . | . . . Combat . | . . . Robot Hacks Applied . | . . . Relay Couplers Released . | . . . Fabnet Peak Effective % . | . . . Robots Rewired . | . . . Allies Hacked . | . . . Hacks Repelled . | . . . Allies | -11 -10 -9 -------- Run | Yrd Mat Mat Total Allies . | . . . Largest Group . | . . . Highest-Rated Group . | . . . Highest-Rated Ally . | . . . Total Orders . | . . . Ally Attacks . | . . . Total Damage . | . . . Kills . | . . . Allies Corrupted . | . . . Allies Melted . | . . . Intel | -11 -10 -9 ------- Run | Yrd Mat Mat Robot Analysis Total 2 | . 1 1 Derelict Logs Recovered . | . . . Drone Launches . | . . . Drone Recoveries . | . . . Exploration | -11 -10 -9 ------------- Run | Yrd Mat Mat Turns Passed 3674 | 49 1537 2088 Spaces Moved 2056 | 43 793 1220 Core 15 | 15 . . Treads . | . . . Legs . | . . . Wheels 2041 | 28 793 1220 Hover . | . . . Flight . | . . . Fastest Speed 50 | 50 90 95 Average Speed 103 | 92 99 106 Slowest Speed 150 | 150 115 140 Overloaded Moves . | . . . Propulsion Burnouts . | . . . Robots Hopped . | . . . Cave-ins Triggered . | . . . Exploration Rate (%) 63 | 3 100 87 Regions Visited 2 Branch Regions . Pre-discovered Areas . | . . . Known Exits Taken . | . . . Unknown Exits Taken 2 | 1 1 . Scrap Searched . | . . . Spaces Dug . | . . . Terrain Destroyed . | . . . Melee . | . . . Projectile . | . . . AOE . | . . . Terrain Rammed . | . . . Walls Destroyed . | . . . Machines Disabled . | . . . Actions | -11 -10 -9 --------- Run | Yrd Mat Mat Total 3191 | 49 1412 1730 Wait 769 | . 524 245 Move 2054 | 42 792 1220 Hop . | . . . Pick Up 49 | 1 15 33 Fast Attach 17 | 6 2 9 Attach 19 | . 3 16 Detach . | . . . Swap 25 | . 5 20 Drop 37 | . 4 33 Fire 220 | . 67 153 Melee . | . . . Ram 1 | . . 1 Kick . | . . . Crush . | . . . Escape Stasis . | . . . Rewire . | . . . Trap . | . . . Miscellaneous . | . . . Route ------- -11/Scrapyard -10/Materials (discovered 4 exits: *Mat x3 / *Min) -9/Materials (discovered 5 exits: [*Mat x2] / *Min x2 / *Sto) History --------- Turn | Location | Event 9 | -11/Scrapyard | Discovered new exit (range 15) 50 | -11/Scrapyard | Entered Materials 278 | -10/Materials | Discovered new exit (range 9) 279 | -10/Materials | Core integrity fell below 50% 310 | -10/Materials | Identified exit to Mines 312 | -10/Materials | Build established: Mutant 727 | -10/Materials | Discovered new exit (range 3) 1149 | -10/Materials | Discovered new exit (range 6) 1157 | -10/Materials | Core integrity fell below 20% 1224 | -10/Materials | Build established: Scavenger-Mutant 1587 | -10/Materials | Entered another Materials area 1587 | -9/Materials | Evolved 2 slots: Utility x2 1956 | -9/Materials | Build established: Mutant 2076 | -9/Materials | Discovered new exit (range 10) 2285 | -9/Materials | Core integrity fell below 50% 2328 | -9/Materials | Repaired Lrg. Matter Pod 2367 | -9/Materials | Repaired Imp. Heat Sink 2394 | -9/Materials | Repaired Lgt. Armor Plating 2527 | -9/Materials | Build established: Scavenger-Mutant 2649 | -9/Materials | Discovered new exit (range 10) 2756 | -9/Materials | Discovered new exit (range 16) 2805 | -9/Materials | Lost 3 parts (1n2u) 2856 | -9/Materials | Identified exit to Mines 2856 | -9/Materials | Identified exit to Storage 3265 | -9/Materials | Core integrity fell below 20% 3319 | -9/Materials | Build established: Mutant 3587 | -9/Materials | First assault squad dispatched 3657 | -9/Materials | Lost 3 parts (1n2u) 3675 | -9/Materials | Destroyed by L-31 Rogue with Katana Last Messages --------------- 03635_ Acquired 3 matter. 03637_ G-34 Mercenary destroyed. 03637_ K-01 Serf collects debris. 03638_ Acquired 3 matter. 03642_ K-01 Serf collects debris. 03656_ C-30 ARC bursts open, deploying its payload. 03656_ G-47 Trooper unfolds itself. 03656_ L-31 Rogue unfolds itself. 03656_ G-34 Mercenary unfolds itself. 03656_ B-36 Bruiser unfolds itself. 03657_ K-01 Serf collects debris. 03658_ K-01 Serf destroyed. 03659_ Acquired 3 matter. 03661_ Hvy. Assault Rifle destroyed. 03665_ Imp. Medium Laser destroyed. 03666_ Acquired 5 matter. 03667_ Acquired 10 matter. 03668_ Acquired 3 matter. 03670_ Imp. Assault Rifle severed. 03672_ Acquired 10 matter. Map ----- +----------------------------------------------------+ | | | | | | | | | | | | | | | | | | | | | ?????????????????????????????????????????????????? | | ??????????????????????????######?????????????????? | | ??????????????????????????!!!!!!?????????????????? | | ??????????????????????????!!!!!??????????????????? | | ?????????????????????????? ??????????????????? | | ?????????????????????????# #??????????????????? | | ????????????????????????? #??????????????????? | | ????????????????????????? #??????????????????? | | ????????????????????????? > +??????????????????? | | ????????????????????????? #??????????????????? | | ???????????????########## [ ???????????????????? | | ???????????????# ## #???????????????????? | | ???????????????# """ [ ## #???????????????????? | | ????????#? ? # """ ## +???????????????????? | | ????????? # ["""!g%## #???????????????????? | | ????????? T /b%=%|%!=l@[ #???????????????????? | | ?????????? # """g =######???????????????????? | | ?????????? # """ #????????????????????????? | | ??????????# ## """ #????????????????????????? | | ??????????# ## " #????????????????????????? | | ??????????# #####+#####????????????????????????? | | ??????????# #???#%#?######?????????????????????? | | ??????????# #???# #?# #?????????????????????? | | ??????????# ##### ### #?????????????????????? | | ??######### # ##########????????????? | | ??# ## # =# #????????????? | | ??#""" ## !! + # #????????????? | | ??#""" ## !! ! # / # #????????????? | | ??#""" ## !! = ###### """ #????????????? | | ??#""" ## # """""#????????????? | | ??#""" %+% + """""#????????????? | | ??# [ ########## # """""#????????????? | | ??#""" #????????###### #! """ #????????????? | | ??#""" #?????????????# # #????????????? | | ??#""" #????????###??# ##########????????##### | | ??#""" #???###### #### #?????????????????# | | ??#""" #???# *[[=!## #?????????????????# | | ??# #???# !! = "## ########??????????# | | ??#####+###### !!! T## # #??######### | | ???# # *%= "## # """ #??# # | +----------------------------------------------------+ Best States ------------- Heat Dissipation 42 Energy Generation 14 Energy Capacity 280 Matter Stores 450 Matter Capacity 450 Sight Range 16 Terrain Scan Density 10 Armor Coverage 300 Propulsion Shielding 33 Evasion (%) 42 Targeting Accuracy 5 Item Schematics ----------------- Imp. Medium Laser | -9/Materials | Scanalyzed Arm. Wheel | -9/Materials | Scanalyzed Adv. Beam Cannon | -9/Materials | Scanalyzed Hcp. Matter Pod | -9/Materials | Scanalyzed Hcp. Battery | -9/Materials | Scanalyzed Hvy. Assault Rifle | -9/Materials | Scanalyzed Robot Schematics ------------------ None Fabricated ------------ Nothing Alien Tech Used ----------------- None Achievements -------------- None Challenges ------------ None Game ------ Seed SmartbombNeutrinoInitializer Manual? 0 Play Time 00:39:04 Cumulative 210.2 hours Start 2024.03.31 @ 19:59:30 End 2024.04.01 @ 16:51:34 Sessions 2 Manual Loads 0 Difficulty Rogue Special Mode None Game No. 162 Rogue 150 Adventurer 12 Explorer 0 Win Type - Total 1 Types 1/0/0/0/0/0/0/0/0 Lore% 28 Gallery% 44 Achievement% 32 Wizard Run 0 Options --------- Layout 1 ASCII 0 Keyboard 0 Movement Mouse Keybinds 0 Fullscreen 1 Font 32/SmallcapsGlow Map View 77x35 Zoom Use 0% Tactical HUD 1 Map Filters NONE Filters NONE Steam 1 RUN: 73b219e5-41d4-4ee5-bdc0-6b8bbdcd5a7b